AoeStats
← GNDS Beefcake

Black Forest

505344028Analyzed
1v1 RM · 22d ago on Sep 9, 2026· 34m 47s· 2 players
Game mode
Random Map
Map size
Tiny (2 player)
Population
200
Speed
Normal
Resources
Standard
Victory
Conquest
Starting age
Dark Age
Ending age
Imperial Age
RankedLock teamsTeams togetherTeam positionsShared explorationLock speedFull tech treeHidden civsTurbo modeCheats
Victory
Defeat
🇦🇷 Bohemians · Argentina
786
+15
🇺🇸 Japanese · United States
770
-38
GNDS Beefcake
8:34 Loom
12:31 Feudal Age
13:54 Wheelbarrow
13:28 Double-Bit Axe
17:02 Man-at-Arms
25:36 Castle Age
24:06 Stone Mining
24:48 Scale Mail Armor
25:00 Forging
31:27 Hand Cart
32:29 Thumb Ring
33:54 Long Swordsman
El Plom9721
11:03 Feudal Age
12:36 Loom
15:51 Castle Age
14:20 Double-Bit Axe
14:19 Horse Collar
19:15 Bow Saw
22:00 Heavy Plow
30:41 Imperial Age
30:30 Chemistry
30:31 Wheelbarrow
30:51 Pikeman
Connection lost

Rejoining the realm…

Still unreachable

The connection could not be restored.

Session expired

The server has moved on; the page needs a fresh start.